 Dungeon Crawl Stone Soup version 0.28.0 (console) character file.

Game seed: 10280625138654028485

172 Cab the Chopper (level 5, -1/41 HPs)
             Began as a Demonspawn Fighter on Feb 4, 2022.
             Slain by a wyvern zombie (11 damage)
             ... on level 4 of the Dungeon.
             The game lasted 00:05:26 (3465 turns).

Cab the Chopper (Demonspawn Fighter)                Turns: 3465, Time: 00:05:26

Health: -1/41      AC:  6    Str: 18    XL:     5   Next: 27%
Magic:  5/5        EV:  9    Int:  9    God:
Gold:   167        SH:  4    Dex: 13    Spells: 4/4 levels left

rFire   . . .      SeeInvis .   a - +0 war axe
rCold   . . .      Faith    .   c - +0 buckler
rNeg    . . .      Spirit   .   b - +0 scale mail
rPois   .          Reflect  .   (no helmet)
rElec   .          Harm     .   (no cloak)
rCorr   .          Rampage  .   (no gloves)
Will    .....                   (no boots)
Stlth   ..........              (no amulet)
HPRegen 0.13/turn               (no ring)
MPRegen 0.18/turn               (no ring)

@: no status effects
A: magic regeneration
a: no special abilities


You were on level 4 of the Dungeon.
You visited 1 branch of the dungeon, and saw 4 of its levels.

You collected 167 gold pieces.

Inventory:

Hand Weapons
 a - a +0 war axe (weapon)
Armour
 b - a +0 scale mail (worn)
 c - a +0 buckler (worn)
Wands
 i - a wand of digging (5)
Scrolls
 e - a scroll of enchant armour {unknown}
 f - 2 scrolls of blinking {unknown}
 g - 3 scrolls of identify
 h - a scroll of magic mapping {unknown}
 k - 2 scrolls of brand weapon {unknown}
 l - a scroll of fog {unknown}
Potions
 d - a potion of might
 j - a potion of curing {unknown}
 m - a potion of invisibility {unknown}


   Skills:
 - Level 3.0 Fighting
 + Level 5.1 Axes
 - Level 2.6 Armour
 - Level 2.6 Shields


You had 4 spell levels left.
You didn't know any spells.
Your spell library contained the following spells:

 Spells                   Type           Power      Damage    Failure   Level
 Animate Skeleton         Necr           0%         N/A       86%         1
 Apportation              Tloc           0%         N/A       86%         1
 Summon Small Mammal      Summ           0%         N/A       86%         1


Dungeon Overview and Level Annotations

Branches:
Dungeon (4/15)
 Temple: D:4-7

Altars:
Gozag


Innate Abilities, Weirdness & Mutations

You regenerate magic rapidly.


Message History

You are too injured to fight recklessly!
You are too injured to fight recklessly!
You are too injured to fight recklessly!
You are too injured to fight recklessly!
You are too injured to fight recklessly!
You are too injured to fight recklessly!
You are too injured to fight recklessly!
You are too injured to fight recklessly!
You are too injured to fight recklessly!
You are too injured to fight recklessly!
You are too injured to fight recklessly!
You are too injured to fight recklessly!
You are too injured to fight recklessly!
You are too injured to fight recklessly!
You are too injured to fight recklessly!
Press: ? - help, v - describe, . - travel, g - get item
Here: a wyvern zombie (heavily damaged) Item here: a hobgoblin corpse.
The floor.
You barely miss the wyvern zombie.
The wyvern zombie is heavily damaged.
The wyvern zombie bites you! The wyvern zombie barely misses you.
You hit the wyvern zombie but do no damage.
The wyvern zombie is heavily damaged.
The wyvern zombie misses you.
You slash the wyvern zombie!
The wyvern zombie is severely damaged.
The wyvern zombie bites you but does no damage.
The wyvern zombie closely misses you.
You hit the wyvern zombie.
The wyvern zombie is almost destroyed.
You block the wyvern zombie's attack.
You barely miss the wyvern zombie.
The wyvern zombie is almost destroyed.
The wyvern zombie barely misses you.
The wyvern zombie bites you but does no damage.
You hit the wyvern zombie.
The wyvern zombie is almost destroyed.
You block the wyvern zombie's attack. The wyvern zombie bites you!
You die...

∙∙∙∙∙∙∙∙∙▒ ▒∙%∙∙∙∙)∙∙∙∙∙∙▒
∙∙▒∙∙▒▒<▒▒∙▒∙∙∙∙∙∙∙∙∙∙∙∙▒▒
∙∙▒∙∙▒▒∙∙∙∙∙∙∙∙∙∙∙∙∙∙∙▒▒▒
∙∙∙∙∙∙∙∙∙∙∙▒∙∙∙∙∙∙∙∙▒∙∙▒▒∙
∙∙∙∙∙∙∙∙∙∙▒▒▒▒∙▒▒∙∙∙▒∙∙∙∙∙
∙∙∙∙∙∙∙∙∙▒▒▒▒∙∙▒▒∙∙∙▒∙∙∙∙∙
∙∙∙∙∙∙∙∙∙∙∙∙∙∙∙∙▒∙∙∙>∙∙∙∙∙
∙∙∙∙∙∙∙∙∙∙∙∙∙∙∙∙▒∙∙∙∙∙∙∙▒▒
∙∙∙∙∙∙∙∙∙@∙∙∙∙∙▒∙∙∙∙∙∙∙▒▒
▒∙∙∙∙∙∙∙Z<)∙∙∙∙▒∙∙∙∙∙▒▒▒
▒▒▒∙∙∙∙∙∙∙∙∙∙∙∙∙∙▒▒∙∙▒
∙∙∙∙∙∙∙∙▒▒∙∙▒▒∙∙∙▒▒▒ ▒∙∙∙
∙∙∙∙∙∙∙∙∙▒∙∙∙∙∙∙∙ ∙∙∙▒▒▒
∙∙▒▒∙▒∙∙∙▒▒▒▒∙▒▒▒▒ ∙∙∙∙∙∙▒
∙ ▒▒∙∙∙∙ ∙∙∙ ∙∙∙∙∙▒▒ ▒∙∙∙∙
∙▒∙


∙∙∙∙∙∙∙ ∙▄ You could see a wyvern zombie.

Vanquished Creatures
  An iguana (D:4)
  2 hound skeletons (D:4)
  3 adders
  A worm (D:2)
  3 dart slugs
  4 orcs
  4 endoplasms
  4 giant cockroaches
  2 goblins
  7 hobgoblins
  5 jackals
  6 quokkas
  12 ball pythons
  9 bats
  4 frilled lizards
  7 kobolds
  A quokka skeleton (D:4)
  8 rats
83 creatures vanquished.

Notes
Turn   | Place    | Note
-------+----------+-------------------------------------------
     0 | D:1      | Cab the Demonspawn Fighter began the quest for the Orb.
     0 | D:1      | Reached XP level 1. HP: 18/18 MP: 1/1
   115 | D:1      | Reached skill level 2 in Axes
   253 | D:1      | Gained mutation: You regenerate magic rapidly. [demonic
                  | ancestry]
   253 | D:1      | Reached XP level 2. HP: 24/24 MP: 2/2
   454 | D:1      | Reached skill level 3 in Axes
   696 | D:1      | Reached XP level 3. HP: 18/29 MP: 3/3
  2164 | D:2      | You fall into a shaft and drop 2 floors!
  2236 | D:2      | Reached skill level 4 in Axes
  2236 | D:2      | Reached XP level 4. HP: 35/35 MP: 4/4
  3436 | D:4      | Found an opulent altar of Gozag.
  3456 | D:4      | Reached XP level 5. HP: 36/41 MP: 5/5
  3457 | D:4      | Reached skill level 5 in Axes
  3465 | D:4      | Slain by a wyvern zombie

Illustrated notes

Levels and vault maps discovered:
D:1:      scummos_arrival_forest, layout_loops_corners, hangedman_decor_points,
          minmay_heptomino_w4
D:2:      layout_basic, serial_rivers, chequers_serial_rivers_micro_a,
          chequers_serial_rivers_micro_a, chequers_serial_rivers_large_a,
          chequers_serial_rivers_room_b, chequers_serial_rivers_small_a
D:3:      layout_basic
D:4:      lemuel_castle_with_subvaults [lemuel_castle_interior_carwin_3],
          layout_cave_pools, nicolae_gozag_cash_rules_everything_around_me,
          lemuel_crystal_altar

Skill      XL: |  1  2  3  4  5 |
---------------+----------------+-----
Axes           | 2 3 4 5 |  5.1
Fighting       | |  3.0
Armour         | |  2.6
Shields        | |  2.6

Action                   |  1- 3 |  4- 6 || total
-------------------------+-------+-------++-------
Melee: War axe           |   134 |    81 ||   215
  Use: Scroll            |     1 |       ||     1
Armor: Scale mail        |    79 |    30 ||   109
Dodge: Dodged            |    66 |    49 ||   115
Block: Buckler           |    32 |    14 ||    46
